[Event "*** Titled Tuesday Blitz"]
[Site "Chess.com"]
[Date "2020.12.01"]
[Round "5"]
[White "AlexSuv"]
[Black "AniJak"]
[Result "1-0"]
[WhiteElo "2560"]
[BlackElo "2385"]
[TimeControl "180+1"]
[EndTime "10:55:10 PST"]
[Termination "AlexSuv won by resignation"]

1. d4 d5 2. c4 c6 3. Nc3 Nf6 4. e3 e6 5. Nf3 Nbd7 6. Qc2 Bd6 7. Bd3 dxc4 8. Bxc4 b5 9. Be2 Bb7 10. O-O O-O 11.
e4 e5 12. Rd1 Qe7 13. Bg5 h6 14. dxe5 Nxe5 15. Nd4 Bc5 16. Nf5 Bxf2+ 17. Kh1 Qe6 18.
Rd6 Qxd6 19. Nxd6 hxg5 20. Nxb7 Rae8 21. Nd6 Re6 22. Nf5 Bb6 23. Rd1 Ng6 24. a3 a5 25.
b4 axb4 26. axb4 Nf4 27. Bf1 Ng4 28. Rd2 g6 29. Ng3 Be3 30. h3 Bxd2 31. Qxd2 Ne5 32. Nge2 Nfd3 33. Nc1 Nxb4 34. Nb3 Rf6 35. Be2 Ra8 36. Qxg5 Nd7 37. Bg4 Rd6 38. Bxd7 Rxd7 39.
e5 Re8 40. Ne4 Rd1+ 41. Kh2 Re6 42. Nf6+ Kf8 43. Nc5 Nd3 44. Nxe6+ fxe6 45. Qxg6 Nxe5 46. Qh5 Nf7 47. Qxd1 c5 48. Ne4 c4 49. Qb1 Ne5 50. Qxb5 1-0

[Event "*** Titled Tuesday Blitz"]
[Site "Chess.com"]
[Date "2020.12.01"]
[Round "5"]
[White "ObidObad"]
[Black "dhaessel"]
[Result "1-0"]
[WhiteElo "2301"]
[BlackElo "1865"]
[TimeControl "180+1"]
[EndTime "10:55:10 PST"]
[Termination "ObidObad won on time"]

1. g3 d5 2. Bg2 Nf6 3. f4 g6 4.
Nf3 Bg7 5. O-O O-O 6. d3 c5 7. Nbd2 Nc6 8. c3 Qc7 9. e4 dxe4 10. dxe4 e5 11. Nxe5 Nxe5 12. fxe5 Qxe5 13. Nc4 Qe6 14. Nd6 Rd8 15. e5 Qxe5 16. Nxf7 Rxd1 17. Nxe5 Rxf1+ 18. Bxf1 Be6 19. Bc4 Nd5 20. Nd3 Nc7 21. Bxe6+ Nxe6 22. Be3 b6 23. Nf2 Rd8 24. Kf1 Kf7 25. Ke2 Rd5 26.
a4 a6 27. Rf1 Ke7 28. Nd3 b5 29. axb5 axb5 30. Ra1 c4 31. Nb4 Rd7 32. Ra6 Be5 33. Nc6+ Kf6 34. Nxe5 Kxe5 35. Rb6 Rd5 36. Kf3 h5 37. h3 Kf5 38. g4+ hxg4+ 39. hxg4+ Ke5 40. Rb8 Kf6 41. Rb6 Ke5 42. Bf2 g5 43. Bg3+ Nf4 44.
Rb8 Rd3+ 45. Kf2 Rd2+ 46. Kf3 Rd3+ 47. Kf2 Rd2+ 48. Ke1 Rd5 49. Rg8 Kf6 50. Bxf4 gxf4 51.
Ke2 Rd3 52. Rb8 1-0

[Event "*** Titled Tuesday Blitz"]
[Site "Chess.com"]
[Date "2020.12.01"]
[Round "5"]
[White "Arseniy_Nesterov"]
[Black "Nikolakis2014"]
[Result "1/2-1/2"]
[WhiteElo "2848"]
[BlackElo "2716"]
[TimeControl "180+1"]
[EndTime "10:55:11 PST"]
[Termination "Game drawn by repetition"]

1. d4 Nf6 2. c4 g6 3. Nc3 Bg7 4. e4 d6 5. Be2 O-O 6. Be3 Nc6 7.
d5 Ne5 8. Nf3 Nfg4 9. Bd2 Nxf3+ 10. Bxf3 Ne5 11. Be2 e6 12. O-O exd5 13. cxd5 Re8 14.
Rc1 a6 15. h3 Nd7 16. Be3 Nc5 17. Bf3 f5 18. exf5 Bxf5 19. Bxc5 dxc5 20. Qb3 b5 21.
d6+ c4 22. dxc7 Qxc7 23. Nxb5 axb5 24. Bxa8 Rxa8 25. Qxb5 Rc8 26. Rfe1 h5 27. Re8+ Rxe8 28. Qxe8+ Kh7 29. Qb5 Bd3 30. b3 Qf4 31. Rxc4 Bxc4 32. Qxc4 Bd4 33. Qc2 Kh6 34. b4 Bb6 35. a3 Qd4 36.
Qa2 Qd1+ 37. Kh2 Qd4 38. Kg1 Kg7 39. g3 Qd3 40. Kg2 Qe4+ 41. Kf1 Qh1+ 42. Ke2 Qxh3 43. Qd5 Qg4+ 44. Kf1 Qd4 45. Qf3 Qa1+ 46. Kg2 Qd4 47. Kf1 Kh6 48. Kg2 Kg7 49. Kf1 1/2-1/2

[Event "*** Titled Tuesday Blitz"]
[Site "Chess.com"]
[Date "2020.12.01"]
[Round "5"]
[White "amatatanav"]
[Black "ARTHURMOTIVATOR"]
[Result "1-0"]
[WhiteElo "2408"]
[BlackElo "2235"]
[TimeControl "180+1"]
[EndTime "10:55:11 PST"]
[Termination "amatatanav won by checkmate"]

1. e4 c6 2. Nc3 d5 3. Nf3 dxe4 4. Nxe4 Nf6 5. Qe2 Bf5 6. Nxf6+ gxf6 7. d3 Qc7 8. g3 Nd7 9. Nh4 Bg6 10. Bg2 e6 11.
O-O Bd6 12. a4 O-O-O 13. a5 a6 14. Be3 f5 15. Qd2 Rhg8 16. b4 Be7 17. Nxg6 hxg6 18. c4 g5 19. b5 f4 20. Bb6 Nxb6 21. axb6 Qxb6 22. bxc6 bxc6 23. Rfb1 Qd4 24. Rxa6 Bc5 25. Bxc6 fxg3 26. hxg3 Kc7 27. Rb7+ Kd6 28. Bg2+ Ke5 29. Qe2+ Kf6 30. Qf3+ Ke5 31. Rxf7 Qxf2+ 32. Qxf2 Bxf2+ 33. Kxf2 Rxd3 34. Re7 Rf8+ 35. Ke2 Rxg3 36. Rexe6+ Kd4 37. Bd5 Rc3 38. Re4+ Kc5 39. Ra5+ Kb4 40. Rb5+ Ka4 41.
Re3 Rc2+ 42. Kd3 Rc1 43. Re2 Ka3 44. Ra5+ Kb4 45. Rb5+ Ka4 46. Ra2# 1-0

[Event "*** Titled Tuesday Blitz"]
[Site "Chess.com"]
[Date "2020.12.01"]
[Round "5"]
[White "Gudmundur_Kjartansson"]
[Black "AsaHoffmann"]
[Result "1-0"]
[WhiteElo "2559"]
[BlackElo "2382"]
[TimeControl "180+1"]
[EndTime "10:55:13 PST"]
[Termination "Gudmundur_Kjartansson won by resignation"]

1. d4 Nf6 2. c4 c5 3. d5 e5 4. Nc3 d6 5. e4 Be7 6. Bd3 Nbd7 7.
Nge2 Nf8 8. h4 h6 9. f3 a6 10.
Be3 N6h7 11. g3 Bd7 12. Qc2 Rb8 13. a4 b6 14. O-O-O h5 15. f4 Bg4 16. fxe5 dxe5 17. Rdf1 Bd6 18. Ng1 Nf6 19. Nf3 Bxf3 20. Rxf3 Ng4 21.
Bd2 f6 22. Qd1 Nd7 23. Qf1 Qe7 24. Nd1 Kd8 25. Ne3 Nxe3 26. Rxe3 Kc7 27. Be2 g6 28.
Kc2 Rhf8 29. Bd3 Qd8 30. Rf3 Be7 31. Qe2 Kd6 32. Rb1 Qc7 33. Bc3 Rb7 34. Kd1 Rfb8 35.
Ke1 Qc8 36. Kf1 Nf8 37. Kg2 Qg4 38. Rbf1 Nh7 39. b3 Rg8 40. R3f2 g5 41. Qxg4 hxg4 42.
h5 Nf8 43. Be2 Nd7 44. Bxg4 b5 45. axb5 axb5 46. Ra1 bxc4 47. bxc4 Rb3 48. Ra6+ Kc7 49.
d6+ Bxd6 50. Bxd7 Kxd7 51. Rd2 Rxc3 52. Rdxd6+ Kc7 53. Rxf6 Rd8 54. Ra7+ Kb8 55. Rg7 Rxc4 56. h6 g4 57. Rxg4 Rc2+ 58. Kh3 Rh8 59. Rg7 c4 60. h7 1-0

[Event "*** Titled Tuesday Blitz"]
[Site "Chess.com"]
[Date "2020.12.01"]
[Round "5"]
[White "natelleka"]
[Black "Das_Virus_2020"]
[Result "0-1"]
[WhiteElo "2186"]
[BlackElo "2451"]
[TimeControl "180+1"]
[EndTime "10:55:14 PST"]
[Termination "Das_Virus_2020 won on time"]

1. e4 e6 2. d4 d5 3. Nc3 Nf6 4. e5 Nfd7 5. f4 c5 6. Nf3 Qb6 7. Ne2 Nc6 8. c3 a5 9. Ng3 a4 10. Be2 a3 11. Rb1 axb2 12. Rxb2 Qa7 13. O-O cxd4 14.
cxd4 Ba3 15. Rd2 Bb4 16. Rc2 h5 17. h4 g6 18. Kh2 Be7 19. Rd2 Nb6 20. Ng5 Bd7 21.
Bf3 Nc4 22. Rd3 Nb4 23. Rb3 Qxa2 24. f5 exf5 25. Bf4 Ba4 26. Rxb4 Bxd1 27. Rxb7 Bxf3 28.
Nxf3 Ne3 29. Rg1 Ng4+ 30. Kh3 Qa6 31. Rc7 Bd8 32. Rcc1 O-O 33. Bh6 Re8 34. Bf4 Rc8 35. Rb1 Qa2 36. Ra1 Qc2 37. Ra7 Bb6 38. Rb7 Rb8 39.
Rd7 Rbd8 40. Rb7 Ba5 41. Rc1 Qa4 42. Bg5 Rb8 43. Rd7 Qa3 0-1

[Event "*** Titled Tuesday Blitz"]
[Site "Chess.com"]
[Date "2020.12.01"]
[Round "5"]
[White "Eloist"]
[Black "gagtemp"]
[Result "1-0"]
[WhiteElo "2303"]
[BlackElo "1949"]
[TimeControl "180+1"]
[EndTime "10:55:14 PST"]
[Termination "Eloist won by resignation"]

1. e4 d5 2. exd5 Qxd5 3. Nc3 Qd6 4. d4 Nf6 5. Nf3 a6 6. Bd3 g6 7. Ne4 Nxe4 8. Bxe4 Bg7 9. O-O O-O 10. Re1 Nc6 11. c3 f5 12. Bxc6 Qxc6 13. Rxe7 Be6 14. Bf4 Rac8 15.
Qe2 Bd5 16. Be5 Bh6 17. Re1 Bxf3 18. Qxf3 Qxf3 19. gxf3 Rf7 20. Rxf7 Kxf7 21. Kf1 c6 22. Bd6 Re8 23. Rxe8 Kxe8 24. Ke2 Kd7 25. Be5 Ke6 26. Kd3 b5 27. b3 Bc1 28. c4 Bb2 29. Bg7 Bc1 30.
a4 Bf4 31. h3 h5 32. Kc3 Kd6 33. Bf6 Bc1 34. Be5+ Kd7 35. Kb4 Bd2+ 36. Kc5 Bc1 37. axb5 axb5 38. cxb5 cxb5 39. Kxb5 Bb2 40. Kc5 Bc3 41.
b4 Be1 42. b5 Bxf2 43. b6 Kc8 44. Kc6 Be1 45. b7+ 1-0

[Event "*** Titled Tuesday Blitz"]
[Site "Chess.com"]
[Date "2020.12.01"]
[Round "5"]
[White "Lupul_Cenusiu"]
[Black "DinaBelenkaya"]
[Result "1-0"]
[WhiteElo "2580"]
[BlackElo "2394"]
[TimeControl "180+1"]
[EndTime "10:55:15 PST"]
[Termination "Lupul_Cenusiu won on time"]

1. d4 d5 2. c4 dxc4 3. Nc3 a6 4. e3 b5 5. a4 b4 6. Na2 c5 7. Bxc4 e6 8. Nf3 Bb7 9. O-O Nf6 10. Qe2 Nbd7 11.
Rd1 Qb6 12. Bd2 a5 13. Nc1 Be7 14. Nb3 O-O 15. Rac1 Rfd8 16. Bb5 Bc6 17. Bxc6 Qxc6 18. dxc5 Nxc5 19. Nxc5 Bxc5 20. Nd4 Qb6 21. Nb5 Ne4 22. Be1 Rxd1 23. Rxd1 Rc8 24. Rc1 f5 25. Rd1 Qb7 26. f3 Nf6 27. Bf2 Nd5 28. e4 Nf4 29.
Qd2 Bxf2+ 30. Kxf2 Qb6+ 31. Kf1 g5 32. exf5 exf5 33.
Qd7 Qe6 34. Qxe6+ Nxe6 35. Rd2 f4 36. g3 Nc5 37. Rc2 Rc6 38. Nd4 Rc7 39. Nb3 Na6 40. Rxc7 Nxc7 41. Nxa5 Nd5 42. Nc6 b3 43. a5 Ne3+ 44.
Ke2 Nc4 45. a6 Nxb2 46. a7 Nd3 47. a8=Q+ 1-0

[Event "*** Titled Tuesday Blitz"]
[Site "Chess.com"]
[Date "2020.12.01"]
[Round "5"]
[White "Sanyura"]
[Black "emiliochess"]
[Result "1-0"]
[WhiteElo "2518"]
[BlackElo "2349"]
[TimeControl "180+1"]
[EndTime "10:55:15 PST"]
[Termination "Sanyura won by checkmate"]

1. e4 c6 2. Nf3 d5 3. Nc3 Bg4 4. h3 Bxf3 5. Qxf3 d4 6. Ne2 e5 7. g4 Bd6 8. Ng3 g6 9. Bc4 Qf6 10. Qg2 b5 11. Bb3 Nd7 12. a4 Nc5 13. Ba2 Nxa4 14.
h4 Ne7 15. d3 h6 16. g5 hxg5 17. Bxg5 Qg7 18. O-O-O O-O-O 19. Kb1 Kb7 20. Qf3 Rh7 21. h5 gxh5 22. Bf6 Qg6 23. Nxh5 Rg8 24. Ng3 Rxh1 25.
Rxh1 Nc5 26. Bxe7 Bxe7 27. Bxf7 Qg4 28. Qf5 Rg7 29. Qxg4 Rxg4 30. Nf5 Bd8 31. Rh7 Kb6 32. Be8 Rg8 33. Bf7 Rg1+ 34. Ka2 a5 35. Rh6 Kc7 36.
Be8 Rf1 37. Rxc6+ Kb7 38. Rxc5 Rxf2 39. Rxb5+ Kc8 40. Rc5+ Kb7 41. Nd6+ Kb6 42. Rc6+ Ka7 43. Nb5+ Kb7 44. Bd7 Bb6 45. Nd6+ Ka6 46. Nc4 Ka7 47. Rxb6 Rxc2 48. Rb5 a4 49. Ka3 Rc1 50. Kxa4 Ka6 51. Rb6+ Ka7 52. Rb3 Ka6 53. Bc8+ Ka7 54. Rb7+ Ka6 55.
Rc7# 1-0

[Event "*** Titled Tuesday Blitz"]
[Site "Chess.com"]
[Date "2020.12.01"]
[Round "5"]
[White "SergeyShtyka"]
[Black "Chernobay_Artem"]
[Result "1-0"]
[WhiteElo "2442"]
[BlackElo "2658"]
[TimeControl "180+1"]
[EndTime "10:55:16 PST"]
[Termination "SergeyShtyka won by resignation"]

1. e4 c5 2. Nf3 d6 3. d4 cxd4 4. Nxd4 Nf6 5. Nc3 Nc6 6. Bc4 e6 7. O-O a6 8. Be3 Bd7 9. Bd3 Be7 10. f4 O-O 11. Qf3 e5 12. Nf5 Bxf5 13. exf5 d5 14. fxe5 Nxe5 15. Qf4 Neg4 16. Bd4 Bd6 17. Bxf6 Nxf6 18. Qf3 Re8 19. Rae1 Qb6+ 20. Kh1 Qxb2 21. Nxd5 Nxd5 22. Qxd5 Rxe1 23. Rxe1 Qb4 24. Qe4 Qxe4 25. Rxe4 Rd8 26. g3 Kf8 27. Rh4 h6 28. f6 Be5 29.
fxg7+ Bxg7 30. Kg2 Bf6 31. Re4 Rd5 32. a4 Rc5 33. Rc4 Re5 34. Rc7 Kg7 35. Rxb7 Ra5 36. Rb4 Be7 37. Rg4+ Kf6 38. Rf4+ Kg7 39. Rg4+ Kf6 40.
Rc4 Bd6 41. Rc6 Ke5 42. Rxa6 Rxa6 43. Bxa6 Kd4 44. Bd3 Kd5 45. Kf3 Kd4 46. Kg4 Ke3 47.
Kh5 Kf2 48. Kxh6 Kg2 49. h4 Kxg3 50. h5 Kg4 51. Be2+ Kh4 52. Kg7 f5 53. h6 1-0

[Event "*** Titled Tuesday Blitz"]
[Site "Chess.com"]
[Date "2020.12.01"]
[Round "5"]
[White "ecwinslow"]
[Black "JoachimMouhamad"]
[Result "1/2-1/2"]
[WhiteElo "2239"]
[BlackElo "2397"]
[TimeControl "180+1"]
[EndTime "10:55:16 PST"]
[Termination "Game drawn by repetition"]

1. e4 e5 2. Nf3 Nc6 3. Bb5 a6 4. Ba4 Nf6 5. O-O Be7 6. Re1 b5 7. Bb3 d6 8. c3 O-O 9. h3 Nb8 10. d4 Nbd7 11. Nbd2 Bb7 12. Bc2 Re8 13. Nf1 Bf8 14.
Ng3 g6 15. a4 c5 16. d5 c4 17. Bg5 h6 18. Be3 Nc5 19. Nh2 h5 20. f4 exf4 21. Bxf4 h4 22. Ngf1 Nh5 23. Bd2 Bg7 24. Nf3 Rc8 25.
Bg5 Bf6 26. Bxf6 Qxf6 27. axb5 axb5 28. Qd4 Qf4 29. Rad1 Ra8 30. e5 Qxd4+ 31. cxd4 Nd3 32. Bxd3 cxd3 33. Rxd3 Bxd5 34. Nxh4 Nf4 35. Rd2 dxe5 36. dxe5 Be6 37. Nf3 Red8 38. Red1 Rxd2 39. Rxd2 Ra1 40.
Kf2 Rb1 41. Nd4 Rxb2 42. Rxb2 Nd3+ 43. Ke3 Nxb2 44. Nxe6 fxe6 45. Kd4 Nc4 46. Kc5 Nxe5 47. Kxb5 Kf7 48. Kc5 Kf6 49. Kd4 Nc6+ 50. Ke4 g5 51. Ne3 Ne7 52. Ng4+ Kg6 53. Ke5 Kf7 54. Nh6+ Kg6 55.
Ng4 Kf7 56. Nh6+ Kg6 57. Ng4 1/2-1/2

[Event "*** Titled Tuesday Blitz"]
[Site "Chess.com"]
[Date "2020.12.01"]
[Round "5"]
[White "DraG0s3L"]
[Black "gmcorrales"]
[Result "1-0"]
[WhiteElo "2552"]
[BlackElo "2780"]
[TimeControl "180+1"]
[EndTime "10:55:17 PST"]
[Termination "DraG0s3L won on time"]

1. d4 Nf6 2. c4 g6 3. f3 d5 4. cxd5 Nxd5 5. e4 Nb6 6. Nc3 Bg7 7. Be3 O-O 8. Qd2 f5 9. e5 Nc6 10. O-O-O Nb4 11. Nh3 Be6 12. Kb1 Bc4 13. Nf4 Qd7 14. Bxc4+ Nxc4 15. Qe2 Nxe3 16. Qxe3 g5 17. Nh5 f4 18.
Qe4 c6 19. h4 g4 20. Nxf4 Qf5 21. Qxf5 Rxf5 22. Ne6 gxf3 23. gxf3 Bh6 24. a3 Na6 25. f4 Kf7 26. Ng5+ Bxg5 27. hxg5 Kg7 28. Rh4 Raf8 29. Rdh1 Rxf4 30. Rxh7+ Kg6 31. Rxe7 R8f7 32. Rxf7 Kxf7 33. Rh7+ Ke6 34. Rxb7 Rxd4 35. g6 Rg4 36. g7 Kxe5 37. Rxa7 Nc5 38. a4 Kd4 39. a5 Kc4 40.
Ka2 Nb3 41. a6 Rg1 42. Nb1 Rg3 43. Na3+ Kc5 44. Rb7 Nc1+ 45. Kb1 Ne2 46. a7 1-0

[Event "*** Titled Tuesday Blitz"]
[Site "Chess.com"]
[Date "2020.12.01"]
[Round "5"]
[White "vovachesss"]
[Black "BillieKimbah"]
[Result "0-1"]
[WhiteElo "2615"]
[BlackElo "2848"]
[TimeControl "180+1"]
[EndTime "10:55:17 PST"]
[Termination "BillieKimbah won on time"]

1. e4 c6 2. d4 d5 3. e5 c5 4.
dxc5 Nc6 5. Nf3 Bg4 6. c3 e6 7. Be3 a6 8. Bd4 Nge7 9. Nbd2 Ng6 10. h3 Bf5 11. Qe2 h5 12. Qe3 Be7 13. Be2 Qc7 14. O-O h4 15. b4 a5 16. b5 Nb8 17. c4 O-O 18. cxd5 exd5 19. Bd3 Qc8 20. Rac1 Qe6 21. Bb2 Bxd3 22. Qxd3 Nf4 23. Qe3 Qf5 24. Nd4 Qg5 25. Qf3 Nd7 26. Ne2 Ne6 27. Qxd5 Ndxc5 28. Nf3 Qg6 29. Qc4 Nd3 30. Rb1 Rac8 31. Qd5 Rfd8 32.
Qxb7 Rc7 33. Qa6 Rc2 34. Ned4 Ndf4 35. Nxh4 Bxh4 36. Qb7 Nxd4 37. Bxd4 Rxd4 38. b6 Rd5 39. Qxd5 Nxd5 40. b7 Ne3 41. b8=Q+ Kh7 42. Qa8 Nxf1 43. Rxf1 Rxa2 44. Qf3 a4 45. g3 Be7 46. h4 Ra3 47. Qf4 Kg8 48. Rc1 Rb3 49. Qxa4 Rxg3+ 0-1

[Event "*** Titled Tuesday Blitz"]
[Site "Chess.com"]
[Date "2020.12.01"]
[Round "5"]
[White "Mikasinski"]
[Black "aleksey1203borisovi4"]
[Result "1-0"]
[WhiteElo "2300"]
[BlackElo "2462"]
[TimeControl "180+1"]
[EndTime "10:55:17 PST"]
[Termination "Mikasinski won by checkmate"]

1. e4 g6 2. d4 Bg7 3. Nc3 d6 4. Be3 Nc6 5. Qd2 e5 6. d5 Nd4 7. Nce2 Nxe2 8. Bxe2 a6 9. c4 Nf6 10. f3 O-O 11. Rc1 Nh5 12. c5 Bd7 13. Qb4 a5 14.
Qb3 a4 15. Qb4 a3 16. b3 Nf4 17. Bf1 Qg5 18. Qd2 Qe7 19. g3 Nh5 20. cxd6 cxd6 21. Rc7 Qd8 22. Rxb7 f5 23. exf5 Bxf5 24. Ne2 Bc8 25.
Rxg7+ Nxg7 26. Bg2 Nf5 27. Bf2 Ba6 28. O-O Bxe2 29. Qxe2 Qa5 30. Rc1 Rfc8 31. Rc6 Qxd5 32. f4 Qe6 33. fxe5 dxe5 34. Rxe6 Rc1+ 35. Be1 Nd4 36.
Qxe5 Nf5 37. Bxa8 Rc2 38. Re8+ Kf7 39. Qe6+ Kg7 40. Rg8+ Kh6 41. Be4 Re2 42. Bxf5 Rxe6 43. Bxe6 Kg5 44. Bc4 h5 45. Ra8 h4 46. Ra5+ Kg4 47.
Be2+ Kh3 48. Bf1+ Kg4 49. Kg2 h3+ 50. Kf2 g5 51. Be2# 1-0

[Event "*** Titled Tuesday Blitz"]
[Site "Chess.com"]
[Date "2020.12.01"]
[Round "5"]
[White "googlegoom"]
[Black "OlifantCZ"]
[Result "1-0"]
[WhiteElo "2464"]
[BlackElo "2230"]
[TimeControl "180+1"]
[EndTime "10:55:17 PST"]
[Termination "googlegoom won by resignation"]

1. Nf3 Nf6 2. b3 b6 3. Bb2 Bb7 4. e3 c5 5. Be2 g6 6. O-O Bg7 7. d4 O-O 8. Nbd2 e6 9. c4 d5 10.
Rc1 cxd4 11. Nxd4 Nc6 12. Qc2 Rc8 13. Qb1 Nxd4 14. Bxd4 Nd7 15. Bxg7 Kxg7 16. Rfd1 Qf6 17. cxd5 Bxd5 18. Nc4 Qg5 19. Bf1 Nf6 20. Qb2 Rfd8 21.
f4 Qh5 22. Be2 Qh4 23. Ne5 Rxc1 24. Rxc1 h5 25. Rd1 Rc8 26. g3 Qh3 27. Bf1 Qf5 28. Nd7 Rc2 29. Qd4 Rxa2 30. e4 Bxe4 31. Nxf6 e5 32. Qxe4 Kxf6 33. fxe5+ Qxe5 34. Qxe5+ Kxe5 35. Bc4 f6 36. Re1+ Kf5 37. Rf1+ Kg5 38. Rf2 Ra1+ 39. Kg2 a5 40. h4+ Kh6 41. Rxf6 a4 42. bxa4 Rxa4 43.
Bd3 Rg4 44. Rxb6 Kh7 45. Kf3 Kg7 46. Rb7+ Kf8 47. Rb3 Ke7 48. Rb2 Kd6 49. Re2 Kd5 50. Re4 1-0

[Event "*** Titled Tuesday Blitz"]
[Site "Chess.com"]
[Date "2020.12.01"]
[Round "5"]
[White "HajduIstvanCM"]
[Black "Sueetin"]
[Result "0-1"]
[WhiteElo "1758"]
[BlackElo "2259"]
[TimeControl "180+1"]
[EndTime "10:55:17 PST"]
[Termination "Sueetin won by checkmate"]

1. e4 c5 2. Nf3 e6 3. c4 Nc6 4. Nc3 Nge7 5. d4 cxd4 6. Nxd4 Nxd4 7. Qxd4 Nc6 8. Qd1 Bb4 9. Bd2 O-O 10. Be2 Nd4 11.
O-O d6 12. a3 Bc5 13. b4 Nxe2+ 14. Nxe2 Bb6 15. Bc3 e5 16. Rc1 Be6 17. Bb2 Rc8 18. Qd3 f5 19. c5 dxc5 20. Qxd8 Rfxd8 21. exf5 Bxf5 22. bxc5 Bxc5 23. Bxe5 Bd3 24. Rfe1 Bxe2 25. Rxe2 Bxf2+ 26. Kxf2 Rxc1 27. Rb2 b6 28. g3 Rdc8 29. g4 R1c2+ 30. Rxc2 Rxc2+ 31. Ke1 Ra2 32. Bd6 Kf7 33. Kd1 Ke6 34. Bf8 g6 35. h4 Rg2 36.
g5 Rh2 37. Bb4 Rxh4 38. Bc3 Rh2 39. Bf6 h5 40. Kc1 h4 41. Kb1 h3 42. Ka1 Rg2 43.
Bd4 h2 44. Be5 Kxe5 45. a4 h1=Q# 0-1

[Event "*** Titled Tuesday Blitz"]
[Site "Chess.com"]
[Date "2020.12.01"]
[Round "5"]
[White "nocnypako"]
[Black "Tssunami"]
[Result "1-0"]
[WhiteElo "2582"]
[BlackElo "2409"]
[TimeControl "180+1"]
[EndTime "10:55:19 PST"]
[Termination "nocnypako won by checkmate"]

1. d4 Nf6 2. c4 e6 3. Nc3 Bb4 4. e3 O-O 5. Ne2 b6 6. a3 Bxc3+ 7. Nxc3 Bb7 8. d5 exd5 9. cxd5 c6 10. d6 c5 11. f3 Nc6 12. Be2 Re8 13. O-O Ne5 14.
e4 Ng6 15. Nb5 Re5 16. b3 a6 17. Nc7 Rc8 18. Bb2 Rh5 19. f4 Rh4 20. g3 Rh6 21. e5 Ne8 22. Nd5 Ra8 23. f5 Nf8 24. f6 gxf6 25.
exf6 Kh8 26. Ne7 Qb8 27. Nf5 Rg6 28. Bf3 Bxf3 29. Qxf3 Ra7 30. Rad1 Kg8 31. Ne7+ Kh8 32. Nxg6+ Nxg6 33. Qd5 Kg8 34. Rfe1 Ra8 35. Re2 b5 36. h4 h6 37. h5 Nf8 38. Qd2 Ne6 39. Qxh6 c4 40.
Rxe6 dxe6 41. Qg5+ Kh8 42. d7 c3 43. dxe8=Q+ Qxe8 44. Qh6+ Kg8 45. Qg5+ Kf8 46. Qg7# 1-0

[Event "*** Titled Tuesday Blitz"]
[Site "Chess.com"]
[Date "2020.12.01"]
[Round "5"]
[White "bancsoo"]
[Black "ftorodent"]
[Result "0-1"]
[WhiteElo "2873"]
[BlackElo "2634"]
[TimeControl "180+1"]
[EndTime "10:55:21 PST"]
[Termination "ftorodent won by resignation"]

1. d4 d5 2. Nf3 Nf6 3. g3 c6 4.
Bg2 Bg4 5. O-O Nbd7 6. h3 Bh5 7. c4 e6 8. cxd5 exd5 9. Nh4 Be7 10. Nc3 O-O 11.
f4 Ne4 12. Nf5 Nxc3 13. bxc3 f6 14. g4 Bg6 15. Nxe7+ Qxe7 16. f5 Bf7 17. Bf4 Rfe8 18. e3 Nb6 19. Qc2 Nc4 20. Rae1 Nd6 21. Bf3 Ne4 22. h4 Qa3 23. c4 Rac8 24. g5 c5 25. Bxe4 Rxe4 26. gxf6 gxf6 27. cxd5 Bxd5 28. Kh2 Qxa2 29.
Qxa2 Bxa2 30. Ra1 Bd5 31. dxc5 Rxc5 32. Rxa7 Rc2+ 33. Kh3 Rb4 34. Rg1+ Kf7 35. Ra8 Be4 36. Rgg8 Bxf5+ 37. Kg3 Rbb2 38. Raf8+ Ke7 39. Re8+ Kd7 40.
Rd8+ Kc6 41. Rd6+ Kb5 42. Rd5+ Rc5 43. Rxc5+ Kxc5 44. Rf8 Be4 45. Rxf6 b5 46. Be5 Rg2+ 47. Kf4 Bc6 48. Bd4+ Kd5 49. Rf5+ Kd6 50. Rh5 Rf2+ 51. Kg3 Rf3+ 52. Kg4 Rf7 53. Rh6+ Kd5 54. Rh5+ Kd6 55. Bc3 Bf3+ 0-1

[Event "*** Titled Tuesday Blitz"]
[Site "Chess.com"]
[Date "2020.12.01"]
[Round "5"]
[White "yourstrulyme"]
[Black "leoduarte"]
[Result "1/2-1/2"]
[WhiteElo "2481"]
[BlackElo "2323"]
[TimeControl "180+1"]
[EndTime "10:55:21 PST"]
[Termination "Game drawn by repetition"]

1. e4 c5 2. Nf3 e6 3. d4 cxd4 4. Nxd4 Nc6 5. Nc3 Qc7 6. Qd3 a6 7. Nxc6 bxc6 8. Qg3 Qxg3 9. hxg3 d5 10. Na4 Nf6 11.
Nb6 Rb8 12. Nxc8 Rxc8 13. Bxa6 Rc7 14. exd5 cxd5 15. c3 Bd6 16. Be3 h6 17. a4 Ke7 18.
a5 Rb8 19. Bb6 Rc6 20. Bb5 Rcxb6 21. axb6 Rxb6 22. Ra7+ Kf8 23. Ra8+ Ke7 24. Ra7+ Kf8 25. Ra5 Bc7 26. b3 Rb8 27. Ra7 Bb6 28. Ra6 Bxf2+ 29. Kxf2 Rxb5 30. Ra8+ Ke7 31. Ra7+ Kd6 32. Rxf7 Rxb3 33.
Rxg7 h5 34. Rg6 Ke5 35. Re1+ Ne4+ 36. Kg1 Rxc3 37. Rg5+ Kd6 38. Rxh5 Rxg3 39. Rh6 Rg5 40.
Kh2 Ke5 41. Kh3 Rg3+ 42. Kh2 Rg5 43. Re2 Kd6 44. Re1 Ke5 1/2-1/2

[Event "*** Titled Tuesday Blitz"]
[Site "Chess.com"]
[Date "2020.12.01"]
[Round "5"]
[White "elamier"]
[Black "zurzan"]
[Result "1-0"]
[WhiteElo "2311"]
[BlackElo "2077"]
[TimeControl "180+1"]
[EndTime "10:55:21 PST"]
[Termination "elamier won by resignation"]

1. d4 d6 2. Nf3 g6 3. g3 Bg7 4. Bg2 f5 5. O-O Nf6 6. c4 O-O 7. Nc3 c6 8. Re1 Ne4 9. Qc2 Nxc3 10. Qxc3 Qc7 11. e4 e5 12. dxe5 fxe4 13. Rxe4 Bf5 14. Re1 dxe5 15. c5 Nd7 16. Qc4+ Kh8 17. Ng5 Nf6 18. Be3 Rae8 19. Rad1 h6 20. Ne4 Nxe4 21. Bxe4 Be6 22. Qc1 Kh7 23. Qc2 Bf5 24. Rd6 Qf7 25.
Red1 Bxe4 26. Qxe4 Re6 27. Rd7 Re7 28. Qg4 Rfe8 29. R7d6 Re6 30. h4 h5 31. Qe4 R8e7 32.
Bg5 Bf6 33. Bxf6 Qxf6 34. Rxe6 Rxe6 35. Rd7+ Re7 36. Rd6 Re6 37. Qd3 e4 38. Rd7+ Re7 39. Rxe7+ Qxe7 40. Qd6 Qf7 41. a3 Kg7 42. Qe5+ Kh7 43.
Qxe4 Qd7 44. Qe5 Kh6 45. Qh8+ Qh7 46. Qxh7+ Kxh7 47. f4 Kg7 48. Kf2 Kf6 49. Ke3 Ke6 50.
Ke4 b6 51. cxb6 axb6 52. a4 c5 53. b3 Kd6 54. f5 gxf5+ 55. Kxf5 Kd5 56. g4 hxg4 57.
Kxg4 Ke6 58. h5 Kf6 59. Kf4 Ke6 60. Ke4 Kd6 61. h6 1-0

[Event "*** Titled Tuesday Blitz"]
[Site "Chess.com"]
[Date "2020.12.01"]
[Round "5"]
[White "misterlamine"]
[Black "HouseOfDurin"]
[Result "1-0"]
[WhiteElo "2302"]
[BlackElo "2102"]
[TimeControl "180+1"]
[EndTime "10:55:22 PST"]
[Termination "misterlamine won by resignation"]

1. d4 Nf6 2. c4 c5 3. d5 b5 4.
cxb5 a6 5. b6 d6 6. Nc3 Nbd7 7.
a4 Qxb6 8. a5 Qb7 9. e4 g6 10. Nf3 Bg7 11. Bd3 O-O 12. h3 Rb8 13. O-O Ne8 14. Re1 Nc7 15. Bg5 Re8 16. Rb1 Ne5 17.
Nxe5 Bxe5 18. Be3 Qb3 19. Bc2 Qb4 20. f4 Bg7 21. e5 Qxa5 22. Bf2 Qb4 23. exd6 exd6 24.
Rxe8+ Nxe8 25. Qe2 Bf5 26. Bxf5 gxf5 27. Re1 Qxb2 28.
Qxb2 Rxb2 29. Rxe8+ Bf8 30. Bh4 Kg7 31. Ne2 f6 32.
Ng3 Kf7 33. Ra8 Rb4 34. Nh5 Kg6 35. g4 fxg4 36. hxg4 Bh6 37. Rg8+ Kf7 38. Rh8 Bxf4 39. Rxh7+ Kf8 40. Bxf6 Be5 41. Bxe5 dxe5 42. d6 Rxg4+ 43. Kf2 Rd4 44. d7 c4 45. Nf6 c3 46. Rh8+ Ke7 47.
Re8+ Kxf6 48. d8=Q+ Rxd8 49. Rxd8 a5 50. Rc8 a4 51.
Rxc3 Kf5 52. Ra3 Ke4 53. Rxa4+ Kd5 54. Ke3 Ke6 55. Ke4 Kf6 56. Ra5 1-0

[Event "*** Titled Tuesday Blitz"]
[Site "Chess.com"]
[Date "2020.12.01"]
[Round "5"]
[White "StephenDedalus83"]
[Black "Eliwood44"]
[Result "1-0"]
[WhiteElo "2706"]
[BlackElo "2479"]
[TimeControl "180+1"]
[EndTime "10:55:23 PST"]
[Termination "StephenDedalus83 won by resignation"]

1. e4 e5 2. Nf3 Nc6 3. Bb5 a6 4. Ba4 d6 5. c3 Bd7 6. d4 g6 7. O-O Bg7 8. Re1 Nf6 9. Nbd2 O-O 10. Nf1 Nh5 11. h3 h6 12. N1h2 Kh7 13. Bc2 Qf6 14. Ng4 Bxg4 15. hxg4 Nf4 16. g3 Nh3+ 17. Kg2 Ng5 18.
d5 Nxf3 19. Qxf3 Qxf3+ 20. Kxf3 Ne7 21. Rh1 f6 22. Rh2 g5 23. Be3 Kg6 24. c4 Rfd8 25. Rc1 b6 26. Ba4 Rab8 27. b4 b5 28. cxb5 axb5 29.
Bb3 Rdc8 30. Rhh1 c6 31. dxc6 Rxc6 32. Be6 Ra8 33. Rhd1 Rxc1 34. Rxc1 Ra4 35. Rc7 Bf8 36. Bd2 Ra3+ 37. Ke2 h5 38. gxh5+ Kxh5 39. Bc1 Ra4 40. a3 Kg6 41. Bb2 Ra8 42. Bd7 Rb8 43. Be6 f5 44. exf5+ Nxf5 45. Kd3 Ne7 46. Ke4 Kf6 47. Bb3 Rc8 48.
Rxc8 Nxc8 49. f4 gxf4 50. gxf4 Ke7 51. f5 Kd7 52. f6 Kc7 53. Kf5 Nb6 54. Bc1 d5 55.
Kxe5 Nd7+ 56. Ke6 d4 57. Bf4+ Kd8 58. Bc2 Nb6 59. f7 Nc4 60. Bg5+ Kc7 61. Be7 Bxe7 62. Kxe7 Ne5 63. f8=Q Ng6+ 64. Bxg6 1-0